Map: Ruins of Seras

Players

HawkCH

  • Race: Terran Terran
  • League: Gold

IamDrizzt

  • Race: Terran Terran
  • League: Diamond

optik

  • Race: Protoss Protoss
  • League: Gold

MorN

  • Race: Protoss Protoss
  • League: Platinum

VOD

Have the link to the VOD?

Description

Time

  • Played on: Nov. 11, 2015, 8:50 p.m.
  • Length: 12:41
Show
View Real Time Build Order
Export as new Build Order

HawkCH Terran 

Build Orders: Reaper Expand, MMM Bio 

Get SALT Encoding   

  12  0:01  SCV  
  13  0:13  SCV  
  14  0:18  Supply Depot  
  14  0:25  SCV  
  15  0:39  SCV  
  15  0:42  Barracks  
  16  0:46  Refinery  
  16  0:51  SCV  
  17  1:03  SCV  
  18  1:16  SCV  
  19  1:29  Reaper, Orbital Command  
  20  1:53  Command Center  
  20  1:54  SCV  
  21  2:06  SCV  
  23  2:16  Bunker  
  23  2:21  Supply Depot  
  23  2:27  SCV  
  23  2:42  Marine  
  24  2:45  Supply Depot  
  24  2:54  SCV, Barracks  
  24  2:55  Barracks  
  24  2:56  Factory  
  25  3:05  Marine  
  25  3:08  Bunker  
  26  3:14  SCV  
  26  3:17  Orbital Command  
  27  3:26  Marine  
  28  3:29  SCV  
  28  3:33  Refinery  
  29  3:41  Starport  
  29  3:43  Marine x2  
  29  3:47  SCV  
  32  3:50  Widow Mine  
  35  3:55  SCV  
  35  4:03  Marine x3  
  38  4:11  SCV  
  38  4:16  SCV  
  40  4:18  Medivac  
  40  4:21  Marine  
  43  4:27  Supply Depot  
  43  4:28  Supply Depot  
  43  4:30  Barracks Reactor, Barracks Tech Lab  
  43  4:31  Widow Mine  
  43  4:34  SCV  
  43  4:38  SCV  
  47  4:46  Supply Depot, SCV  
  47  4:48  Supply Depot  
  47  4:51  Barracks Reactor  
  48  4:59  SCV x2  
  50  5:02  Widow Mine  
  50  5:04  Viking  
  54  5:11  SCV  
  54  5:13  SCV  
  56  5:15  Refinery x2  
  56  5:19  Marine  
  56  5:20  Engineering Bay, Marine  
  57  5:28  Marine  
  57  5:29  Marine  
  58  5:42  Marine x2  
  62  5:46  Marine  
  61  5:53  Barracks Tech Lab  
  59  6:05  Factory Reactor, Starport Reactor  
  59  6:06  Terran Infantry Weapons Level 1  
  59  6:08  Missile Turret  
  59  6:09  Marine x4  
  59  6:11  SCV  
  63  6:14  Command Center  
  63  6:15  Barracks  
  63  6:16  SCV  
  63  6:17  Supply Depot, Barracks  
  64  6:18  Supply Depot  
  64  6:20  Marauder  
  64  6:21  Supply Depot  
  64  6:25  Engineering Bay  
  66  6:26  Marine  
  67  6:35  Marine x2  
  67  6:37  SCV x2  
  71  6:41  Marauder  
  71  6:42  Medivac  
  71  6:44  Widow Mine x2  
  79  6:48  Stimpack  
  79  6:51  SCV  
  80  6:56  SCV  
  80  6:58  Armory  
  81  7:02  Marine x3  
  81  7:04  Barracks Tech Lab  
  81  7:05  Barracks Tech Lab  
  81  7:06  SCV  
  85  7:11  SCV  
  86  7:18  SCV, Widow Mine  
  86  7:19  Marine x2, Widow Mine  
  93  7:23  Marine x2  
  93  7:26  Medivac  
  97  7:31  Orbital Command  
  97  7:36  Terran Infantry Armor Level 1  
  95  7:38  SCV x2, Marauder  
  99  7:45  Marauder, Marine  
  99  7:47  Marine  
  99  7:50  SCV x2  
  99  7:51  Bunker  
  105  7:52  Combat Shields  
  105  7:53  Orbital Command  
  105  7:55  Marine  
  105  7:56  Widow Mine  
  107  8:00  Medivac  
  107  8:06  Marauder, Marine  
  107  8:08  SCV  
  107  8:10  Marine x2  
  113  8:20  Marauder, Marine x2  
  113  8:22  SCV  
  113  8:25  SCV  
  119  8:27  Marauder  
  119  8:30  Terran Infantry Weapons Level 2  
  121  8:38  SCV x3, Missile Turret  
  124  8:46  Marauder  
  121  8:49  Marine x2  
  121  8:50  SCV  
  121  8:53  Marauder, Marine x2  
  128  8:58  SCV  
  128  8:59  SCV  
  128  9:00  Marauder  
  128  9:01  Widow Mine  
  132  9:05  Widow Mine  
  132  9:08  Supply Depot  
  132  9:09  Supply Depot  
  132  9:16  Marine, Medivac x2  
  132  9:17  Marauder x2  
  141  9:21  Marine  
  141  9:23  Refinery  
  141  9:24  Refinery  
  141  9:28  Starport  
  141  9:29  Starport  
  141  9:30  Armory  
  140  9:34  Terran Infantry Armor Level 2  
  127  9:40  Terran Vehicle And Ship Armor Level 1  
  127  9:44  Marauder x2, Marine x2  
  133  9:46  SCV x2  
  133  9:48  Marine  
  133  9:58  Marauder  
  133  9:59  Marine  
  129  10:01  Marine  
  129  10:03  Marine  
  129  10:05  Marauder  
  129  10:06  Marine, Marauder  
  129  10:17  SCV x3, Marine  
  129  10:19  Marine x2  
  129  10:21  Marine  
  135  10:24  Marine  
  135  10:27  Marauder x2  
  138  10:29  SCV, Liberator x2  
  138  10:35  Terran Ship Weapons Level 1, Marine  
  140  10:37  Marine  
  140  10:38  Marauder  
  140  10:39  Marine  
  144  10:44  Starport Tech Lab, Starport Reactor  
  150  10:50  Refinery  
  150  10:51  Command Center  
  150  10:52  Starport  
  150  10:54  Refinery  
  150  11:05  Missile Turret  
  150  11:07  Marine  
  150  11:08  Marauder x3  
  150  11:10  Marine x2  
  157  11:13  Cloaking Field, Marine  
  157  11:20  Fusion Core  
  157  11:25  Marine  
  157  11:27  Marine  
  157  11:28  Marine  
  158  11:42  Marine  
  158  11:43  Marauder x2, Marine  
  154  11:47  Marine x3  
  154  11:52  Barracks  
  152  11:57  SCV  
  152  12:00  Marine  
  152  12:01  Marauder  
  156  12:04  Marauder x2  
  156  12:05  Marine  
  159  12:12  Marine  
  159  12:13  Marine  
  168  12:39  Starport Tech Lab  
Show
View Real Time Build Order
Export as new Build Order

IamDrizzt Terran 

Build Orders:  

Get SALT Encoding   

  12  0:00  Probe (Chrono Boost)  
  13  0:11  Probe (Chrono Boost)  
  14  0:19  Pylon  
  14  0:23  Probe (Chrono Boost)  
  15  0:37  Probe (Chrono Boost)  
  15  0:38  Gateway  
  16  0:47  Probe (Chrono Boost)  
  17  0:50  Assimilator  
  17  0:58  Probe (Chrono Boost)  
  18  1:06  Gateway  
  18  1:08  Probe (Chrono Boost)  
  19  1:19  Probe (Chrono Boost)  
  19  1:20  Pylon  
  20  1:29  Cybernetics Core  
  20  1:30  Probe (Chrono Boost)  
  21  1:39  Assimilator  
  21  1:41  Probe (Chrono Boost)  
  22  1:52  Probe (Chrono Boost)  
  23  2:02  Probe (Chrono Boost)  
  23  2:06  Adept x2  
  28  2:10  Warp Gate (Chrono Boost)  
  28  2:13  Probe (Chrono Boost)  
  29  2:22  Robotics Facility  
  29  2:25  Probe (Chrono Boost)  
  30  3:03  Nexus  
  30  3:10  Pylon  
  31  3:12  Probe (Chrono Boost)  
  31  3:28  Adept x2  
  31  3:29  Probe  
  31  3:31  Pylon  
  36  3:41  Probe, Warp Prism (Chrono Boost)  
  38  4:01  Probe  
  38  4:16  Probe (Chrono Boost)  
  38  4:17  Probe (Chrono Boost)  
  39  4:28  Probe x2 (Chrono Boost)  
  39  4:31  Robotics Bay  
  41  4:38  Probe x2 (Chrono Boost)  
  43  4:43  Gateway  
  43  4:45  Gateway  
  43  4:49  Probe x2 (Chrono Boost)  
  45  4:59  Probe x2 (Chrono Boost)  
  47  5:05  Adept  
  48  5:10  Mothership Core (Chrono Boost), Probe (Chrono Boost)  
  51  5:21  Probe (Chrono Boost)  
  51  5:23  Adept  
  51  5:27  Stalker  
  55  5:28  Probe (Chrono Boost)  
  55  5:29  Disruptor  
  55  5:31  Probe (Chrono Boost)  
  59  5:39  Probe (Chrono Boost)  
  59  5:41  Pylon  
  59  5:42  Probe (Chrono Boost)  
  61  5:46  Assimilator  
  61  5:47  Stalker  
  61  5:49  Probe (Chrono Boost)  
  56  5:50  Assimilator  
  56  5:52  Probe (Chrono Boost)  
  56  5:54  Pylon  
  51  6:00  Probe (Chrono Boost)  
  51  6:03  Probe (Chrono Boost)  
  53  6:05  Pylon  
  53  6:09  Probe (Chrono Boost)  
  53  6:10  Disruptor (Chrono Boost)  
  57  6:13  Probe  
  58  6:19  Probe  
  59  6:26  Probe  
  59  6:27  Pylon  
  60  6:34  Pylon  
  60  6:37  Twilight Council  
  60  6:42  Disruptor (Chrono Boost)  
  59  6:55  Pylon  
  59  7:09  Pylon  
  59  7:13  Observer (Chrono Boost)  
  58  7:17  Probe  
  58  7:18  Probe  
  60  7:29  Probe  
  60  7:31  Probe, Forge  
  57  7:41  Probe  
  57  7:43  Probe  
  58  7:48  Nexus  
  58  7:50  Pylon  
  58  7:51  Probe  
  58  7:52  Nexus  
  58  7:55  Probe  
  60  7:59  Stalker x3  
  60  8:00  Stalker  
  60  8:02  Probe  
  60  8:05  Protoss Ground Weapons Level 1  
  69  8:06  Disruptor (Chrono Boost)  
  69  8:07  Probe  
  69  8:11  Blink (Chrono Boost)  
  69  8:12  Probe  
  73  8:18  Photon Cannon  
  73  8:19  Probe  
  75  8:20  Photon Cannon  
  75  8:23  Probe  
  76  8:27  Stalker x2  
  76  8:29  Pylon  
  76  8:31  Probe  
  76  8:33  Probe  
  81  8:41  Warp Prism (Chrono Boost)  
  81  8:43  Probe  
  81  8:48  Pylon  
  83  9:08  Photon Cannon  
  83  9:09  Stalker  
  85  9:10  Stalker x3  
  92  9:17  Observer (Chrono Boost)  
  92  9:18  Pylon  
  92  9:21  Gateway  
  92  9:23  Gateway  
  92  9:37  Observer (Chrono Boost)  
  93  9:41  Stalker  
  93  9:42  Stalker x3  
  101  9:55  Disruptor (Chrono Boost)  
  100  10:06  Stalker x2  
  98  10:11  Adept  
  98  10:12  Adept  
  98  10:13  Probe  
  98  10:14  Probe  
  100  10:26  Probe  
  99  10:42  Zealot  
  99  10:48  Adept  
  101  10:50  Nexus  
  101  10:51  Pylon  
  101  10:55  Pylon  
  101  10:56  Pylon  
  101  10:57  Pylon  
  101  10:58  Pylon  
  101  11:01  Pylon  
  95  11:16  Stalker x2  
  95  11:17  Stalker x2  
  100  11:22  Probe  
  100  11:23  Probe  
  102  11:28  Templar Archives  
  102  11:29  Observer (Chrono Boost)  
  102  11:32  Probe  
  101  11:35  Probe  
  97  11:43  Probe  
  96  11:47  Stalker, Observer (Chrono Boost)  
  96  11:48  Mothership Core  
  96  11:49  Stalker  
  100  11:59  Probe  
  101  12:02  Stalker x2  
  102  12:09  Probe x2  
  102  12:10  Forge  
  102  12:15  Assimilator  
  87  12:17  Assimilator  
  87  12:21  Probe  
Show
View Real Time Build Order
Export as new Build Order

optik Protoss 

Build Orders:  

Get SALT Encoding   

Show
View Real Time Build Order
Export as new Build Order

MorN Protoss 

Build Orders:  

Get SALT Encoding   

Tags
 
Add a new tag
Caveats
  • Supply blocks, unpowered buildings, or Contaminate may cause inaccurate times.
  • Supply counts are checked every 10 seconds.